[Event "*** Titled Tuesday Blitz"]
[Site "Chess.com"]
[Date "2021.03.16"]
[Round "6"]
[White "davigator"]
[Black "xberli"]
[Result "0-1"]
[WhiteElo "2422"]
[BlackElo "2614"]
[TimeControl "180+1"]
[EndTime "11:05:37 PDT"]
[Termination "xberli won by resignation"]

1. e4 c5 2. Nf3 d6 3. d4 cxd4 4. Nxd4 Nf6 5. Nc3 a6 6. Bg5 Nbd7 7. f3 h6 8. Be3 g6 9. Qd2 Bg7 10. O-O-O b5 11. Kb1 Bb7 12. h4 h5 13. Bg5 Rc8 14. Bd3 Ne5 15. Nce2 Nc4 16. Bxc4 Rxc4 17. b3 Rc8 18. c3 Qb6 19. Be3 Qc7 20. Rhe1 Nd7 21.
Rc1 Ne5 22. Nf4 O-O 23. Nd5 Bxd5 24. exd5 Qb7 25. Ne2 a5 26. Bh6 a4 27. Bxg7 Kxg7 28. Qd4 axb3 29. f4 bxa2+ 30. Ka1 Rc4 31. Qd2 Ng4 32.
Rc2 Nf6 33. Rd1 b4 34. cxb4 Rxc2 35. Qxc2 Qxb4 36. g3 Rb8 37. Nc3 Rc8 38. Rd3 Rc4 39. Qb2 Qc5 40. Nxa2 Rc2 41. Qb3 Rg2 42. Qc3 Rg1+ 43.
Nc1 Qxc3+ 44. Rxc3 Nxd5 45. Rc8 Rxg3 0-1

[Event "*** Titled Tuesday Blitz"]
[Site "Chess.com"]
[Date "2021.03.16"]
[Round "6"]
[White "politeplayer"]
[Black "vanImpe"]
[Result "1/2-1/2"]
[WhiteElo "2250"]
[BlackElo "2415"]
[TimeControl "180+1"]
[EndTime "11:05:42 PDT"]
[Termination "Game drawn by repetition"]

1. e4 c5 2. Nf3 g6 3. d4 cxd4 4. Nxd4 Bg7 5. c4 Nc6 6. Be3 Nf6 7. Nc3 O-O 8. Be2 b6 9. O-O Bb7 10. f3 Qb8 11. Qd2 Rd8 12. Rad1 d6 13. Kh1 Rd7 14. Nxc6 Bxc6 15. Bh6 Qf8 16. Bxg7 Qxg7 17. b4 Rad8 18. b5 Ba8 19. a4 e6 20. Qc2 d5 21.
cxd5 exd5 22. e5 Nh5 23. f4 d4 24. Bxh5 dxc3 25. Rxd7 Rxd7 26. Qxc3 Bxg2+ 27. Kxg2 gxh5+ 28. Kh1 Kf8 29. Rg1 Qh6 30. Qc8+ Ke7 31. Rg8 Rd1+ 32.
Kg2 Rd2+ 33. Kf3 Rf2+ 34. Kxf2 Qxf4+ 35. Ke2 Qe4+ 36. Kd2 Qf4+ 37. Kc2 Qxa4+ 38. Kd3 Qd1+ 39. Ke4 Qe2+ 40. Kd5 Qf3+ 41. Kd4 Qf2+ 42. Kc3 Qe1+ 43. Kb2 Qb4+ 44. Kc2 Qa4+ 45. Kb2 Qb4+ 46. Kc2 Qe4+ 47. Kb2 Qb4+ 1/2-1/2

[Event "*** Titled Tuesday Blitz"]
[Site "Chess.com"]
[Date "2021.03.16"]
[Round "6"]
[White "LamaChampetre"]
[Black "JoliyRoger"]
[Result "0-1"]
[WhiteElo "2225"]
[BlackElo "2418"]
[TimeControl "180+1"]
[EndTime "11:05:42 PDT"]
[Termination "JoliyRoger won by resignation"]

1. d4 Nf6 2. c4 e6 3. Nf3 Bb4+ 4. Nbd2 b6 5. g3 Bb7 6. Bg2 O-O 7. O-O Be7 8. d5 c6 9. e4 cxd5 10. exd5 exd5 11. Nh4 Bc6 12. Nf5 dxc4 13. Nxc4 Bxg2 14. Kxg2 d5 15. Nce3 Nc6 16. Re1 Bc5 17. Ng4 d4 18.
Qf3 Nxg4 19. Qxg4 Qd5+ 20. Kg1 g6 21. Nh6+ Kg7 22. Bd2 Rae8 23. a3 a5 24. Rad1 f5 25. Qh3 d3 26. Nxf5+ Qxf5 27. Bh6+ Kg8 28. Rxe8 Qxf2+ 29. Kh1 Qf3+ 0-1

[Event "*** Titled Tuesday Blitz"]
[Site "Chess.com"]
[Date "2021.03.16"]
[Round "6"]
[White "Maddie"]
[Black "suneebaker"]
[Result "0-1"]
[WhiteElo "2056"]
[BlackElo "2214"]
[TimeControl "180+1"]
[EndTime "11:05:45 PDT"]
[Termination "suneebaker won on time"]

1. d4 e6 2. Nf3 f5 3. c4 Nf6 4. g3 Be7 5. Bg2 O-O 6. O-O d6 7.
b3 a5 8. Bb2 a4 9. b4 Ne4 10. a3 Nd7 11. Nc3 Ndf6 12. Nxa4 Qe8 13. Nc3 Nxc3 14. Bxc3 Ne4 15. Bb2 Qh5 16. d5 e5 17. c5 Rf6 18. cxd6 cxd6 19. Rc1 Rh6 20. Rc7 Bd8 21. Rc1 Bd7 22. Qd3 Ng5 23. h4 e4 24. Qc3 Bf6 25. Qb3 exf3 26. exf3 Nf7 27. Bxf6 Rxf6 28. f4 Bb5 29. Rc7 Bxf1 30. Bxf1 Re8 31.
Qb2 Nd8 32. Rd7 Qd1 33. Kg2 Qxd5+ 34. f3 Qc6 35. Qb3+ Rfe6 36. Rxg7+ Kxg7 37. Bc4 Re2+ 38. Bxe2 Rxe2+ 39. Kh3 Qc2 0-1

[Event "*** Titled Tuesday Blitz"]
[Site "Chess.com"]
[Date "2021.03.16"]
[Round "6"]
[White "BogdanDeac"]
[Black "MITerryble"]
[Result "1-0"]
[WhiteElo "2987"]
[BlackElo "2906"]
[TimeControl "180+1"]
[EndTime "11:05:46 PDT"]
[Termination "BogdanDeac won by resignation"]

1. Nf3 Nf6 2. d4 e6 3. g3 b6 4. c4 Bb4+ 5. Nc3 Bb7 6. Bg2 O-O 7. O-O Bxc3 8. bxc3 d6 9. Re1 Nbd7 10. Bh3 Qe7 11. Nd2 e5 12. e4 Rfe8 13. f3 a5 14. Nf1 Nh5 15. Ne3 g6 16. Nd5 Qd8 17. Bh6 Nf8 18.
Bg4 Ng7 19. f4 c6 20. Bg5 cxd5 21. Bxd8 Raxd8 22. cxd5 f5 23. fxe5 dxe5 24. Bf3 Nd7 25. Rb1 fxe4 26. Bxe4 Nh5 27. Bg2 Nhf6 28. c4 Ba6 29. dxe5 Nh5 30. e6 Ndf6 31. Qd4 b5 32. c5 Bb7 33. d6 Bxg2 34. Kxg2 g5 35. e7 Rc8 36. d7 Nxd7 37. Qxd7 Ng7 38. c6 Nh5 39. Rxb5 Nf6 40. Qe6+ Kh8 41. Qxf6+ 1-0

[Event "*** Titled Tuesday Blitz"]
[Site "Chess.com"]
[Date "2021.03.16"]
[Round "6"]
[White "elohunter1999"]
[Black "SHIVACalypso"]
[Result "1-0"]
[WhiteElo "2601"]
[BlackElo "2350"]
[TimeControl "180+1"]
[EndTime "11:05:46 PDT"]
[Termination "elohunter1999 won by resignation"]

1. d4 e6 2. c4 Nf6 3. Nc3 Bb4 4. Nf3 O-O 5. Bg5 d5 6. e3 h6 7. Bxf6 Qxf6 8. Rc1 Nd7 9. Bd3 dxc4 10. Bxc4 e5 11. O-O Bxc3 12. Rxc3 exd4 13. Qxd4 Qxd4 14. Nxd4 c6 15. b4 Ne5 16. Bb3 Rd8 17. a4 Bd7 18. h3 Rac8 19. Rfc1 Kf8 20. f4 Ng6 21. Kf2 Ke7 22. g4 Be6 23. Bxe6 fxe6 24. b5 c5 25. Rxc5 Rxc5 26. Rxc5 Rd7 27. a5 Nh8 28.
Re5 Nf7 29. Rxe6+ Kf8 30. b6 a6 31. h4 Nd6 32. g5 hxg5 33. hxg5 Nc4 34. g6 Nxa5 35.
Re4 Rd6 36. Ne6+ Ke7 37. Nxg7+ Kd7 38. f5 Rxb6 39. Ne8 Rb2+ 40. Kf3 Rb1 41. g7 Rg1 42.
Rg4 1-0

[Event "*** Titled Tuesday Blitz"]
[Site "Chess.com"]
[Date "2021.03.16"]
[Round "6"]
[White "SergeyShtyka"]
[Black "ariosp"]
[Result "1-0"]
[WhiteElo "2416"]
[BlackElo "2209"]
[TimeControl "180+1"]
[EndTime "11:05:48 PDT"]
[Termination "SergeyShtyka won on time"]

1. e4 e5 2. Nf3 Nc6 3. Nc3 Nf6 4. Bb5 Bc5 5. O-O d6 6. d4 exd4 7. Nxd4 Bd7 8. Bxc6 bxc6 9. Bg5 h6 10. Bh4 Qe7 11.
Re1 O-O-O 12. Qd3 Kb7 13. b4 Bb6 14. a4 a6 15. b5 cxb5 16. axb5 axb5 17. Nd5 Qe5 18.
Bxf6 gxf6 19. Nxb5 Ra8 20. Rab1 Bxb5 21. Rxb5 Ra1 22.
Rf1 Rxf1+ 23. Kxf1 Qa1+ 24. Ke2 1-0

[Event "*** Titled Tuesday Blitz"]
[Site "Chess.com"]
[Date "2021.03.16"]
[Round "6"]
[White "vinniethepooh"]
[Black "bait_or_mate"]
[Result "1-0"]
[WhiteElo "2702"]
[BlackElo "2502"]
[TimeControl "180+1"]
[EndTime "11:05:49 PDT"]
[Termination "vinniethepooh won by resignation"]

1. d4 Nf6 2. c4 e6 3. Nc3 Bb4 4. f3 c5 5. d5 O-O 6. e4 d6 7.
Bd3 b5 8. Ne2 Bb7 9. O-O Nbd7 10.
Nxb5 Qe7 11. Bf4 e5 12. Be3 Nh5 13. g4 Nf4 14. Nxf4 exf4 15. Bxf4 Ne5 16. Be2 Ba6 17.
Bg3 Bxb5 18. cxb5 Qf6 19. f4 Ng6 20. e5 dxe5 21. fxe5 Qg5 22. Rf5 Qe3+ 23. Bf2 Qe4 24. Bf3 Qc4 25. d6 Rad8 26. Qe2 Qxe2 27. Bxe2 Rfe8 28.
Bg3 Kh8 29. Bc4 f6 30. e6 Ne5 31. Bxe5 fxe5 32. e7 Ra8 33. Bf7 Reb8 34. d7 Ba5 35. e8=Q+ Rxe8 36. dxe8=Q+ Rxe8 37. Bxe8 1-0

[Event "*** Titled Tuesday Blitz"]
[Site "Chess.com"]
[Date "2021.03.16"]
[Round "6"]
[White "AttackSparrow"]
[Black "ChessLover0108"]
[Result "0-1"]
[WhiteElo "2511"]
[BlackElo "2770"]
[TimeControl "180+1"]
[EndTime "11:05:53 PDT"]
[Termination "ChessLover0108 won by resignation"]

1. e4 c5 2. c3 d6 3. d3 Nf6 4.
Nd2 Nc6 5. h3 g6 6. Ngf3 Bg7 7.
Be2 O-O 8. O-O b5 9. a4 b4 10.
Nc4 Rb8 11. Qc2 d5 12. Nce5 Nxe5 13. Nxe5 Bb7 14. Bf3 dxe4 15. dxe4 bxc3 16. bxc3 Nxe4 17. Nxf7 Rxf7 18. Bxe4 Bxe4 19. Qxe4 Bxc3 20. Bf4 Rb4 21. Rad1 Qxd1 22. Qa8+ Rf8 23. Qxf8+ Kxf8 24. Bh6+ Kf7 25. Rxd1 Rxa4 26. Rd7 c4 27. g3 Bf6 28. Rc7 c3 29. Be3 a6 30. g4 Ra2 31. g5 Be5 32. Rc5 Ke6 33. Kg2 c2 34. Kf3 a5 35. Ke4 Bd6 36.
Rc3 a4 37. Kd3 Ra3 38. Rxa3 Bxa3 39. Kxc2 Kf5 40. Kc3 Bd6 41. Kc4 Ke4 42. Bc1 Kf3 43. Be3 Kg2 44. h4 Kh3 45. Bc1 Kxh4 46. f4 Kg4 47. Kd5 Bxf4 48. Ba3 Bd6 49. Bb2 Kxg5 50.
Ke6 h5 51. Bc3 h4 52. Bb4 h3 53. Bxd6 exd6 0-1

[Event "*** Titled Tuesday Blitz"]
[Site "Chess.com"]
[Date "2021.03.16"]
[Round "6"]
[White "DrMamaliga"]
[Black "ural58"]
[Result "1-0"]
[WhiteElo "2382"]
[BlackElo "2521"]
[TimeControl "180+1"]
[EndTime "11:05:57 PDT"]
[Termination "DrMamaliga won by resignation"]

1. c4 e5 2. Nc3 Nc6 3. Nf3 Bb4 4. e3 Bxc3 5. bxc3 e4 6. Nd4 Nf6 7. Qc2 O-O 8. g3 Ne5 9. Bg2 Nd3+ 10. Kf1 Ng4 11. Bxe4 Ndxf2 12. Bxh7+ Kh8 13. Bf5 d5 14. Rg1 Nh3 15. Ba3 Re8 16. Qd1 Bxf5 17. Nxf5 Qg5 18. Nd4 Nxg1 19. Kxg1 dxc4 20. Qf3 c5 21. Nf5 Re5 22.
Nd6 Rf8 23. Nxf7+ Rxf7 24. Qxf7 Rf5 25. Qe8+ Kh7 26. Rf1 Rxf1+ 27. Kxf1 Qf5+ 28. Kg2 Qf2+ 29. Kh3 Nh6 30. Qe4+ Kh8 31. Bxc5 Qxd2 32. Bd4 Qxa2 33. Qe7 Nf5 34. Qe8+ Kh7 35. Qh5+ Nh6 36. Qg5 g6 37. Qe7+ 1-0

[Event "*** Titled Tuesday Blitz"]
[Site "Chess.com"]
[Date "2021.03.16"]
[Round "6"]
[White "Kotofeyca"]
[Black "Problematique_99"]
[Result "0-1"]
[WhiteElo "2347"]
[BlackElo "2480"]
[TimeControl "180+1"]
[EndTime "11:05:57 PDT"]
[Termination "Problematique_99 won by checkmate"]

1. d4 Nf6 2. c4 e6 3. Nf3 c5 4. Nc3 cxd4 5. Nxd4 Bb4 6. g3 O-O 7. Bg2 d5 8. cxd5 Nxd5 9. Bd2 Nxc3 10. bxc3 Bc5 11.
O-O Qe7 12. Qb3 e5 13. Nf3 Nc6 14. Bg5 Qc7 15. Rab1 Bb6 16. Bc1 Be6 17. Qc2 f6 18.
Ba3 Rfd8 19. Rfd1 Na5 20. Bb4 Nc4 21. Nd2 Bxf2+ 22. Kxf2 Qb6+ 23. Ke1 Qg1+ 24. Bf1 Ne3 25. Qe4 Bd5 26. Qd3 Ng2# 0-1

[Event "*** Titled Tuesday Blitz"]
[Site "Chess.com"]
[Date "2021.03.16"]
[Round "6"]
[White "JosefineHeinemann"]
[Black "Unknown_IM"]
[Result "1-0"]
[WhiteElo "2640"]
[BlackElo "2400"]
[TimeControl "180+1"]
[EndTime "11:05:59 PDT"]
[Termination "JosefineHeinemann won by checkmate"]

1. e4 e5 2. Nf3 Nf6 3. Nxe5 Nc6 4.
Nxc6 dxc6 5. d3 Bc5 6. Be2 h5 7. c3 Ng4 8. d4 Qh4 9. g3 Qf6 10.
f3 h4 11. fxg4 hxg3 12. Be3 Rxh2 13. Rxh2 gxh2 14. Kd2 Qh4 15. Na3 Bd6 16. Nc4 Bg3 17. Kc2 Be6 18. Nd2 O-O-O 19. Bf3 Rh8 20. Qe2 Kb8 21.
Rh1 g5 22. Nf1 f6 23. Qg2 Bd6 24. e5 fxe5 25. Rxh2 Qxh2 26. Nxh2 exd4 27. Bg1 dxc3 28. bxc3 Bxa2 29. Nf1 Bf7 30. Ne3 Re8 31. Nf5 Bg6 32. Be4 Bf4 33. Bd3 Rd8 34. Bd4 a6 35. Qe4 Rd5 36.
Qe6 Bxf5 37. gxf5 b6 38. f6 Ra5 39. f7 Bd6 40. Qxd6 Kb7 41. Qd7 Ra2+ 42. Kb1 Rg2 43. f8=Q Rf2 44. Qfc8+ Ka7 45. Qdxc7# 1-0

[Event "*** Titled Tuesday Blitz"]
[Site "Chess.com"]
[Date "2021.03.16"]
[Round "6"]
[White "Julianos82"]
[Black "GMRafpig"]
[Result "0-1"]
[WhiteElo "2395"]
[BlackElo "2627"]
[TimeControl "180+1"]
[EndTime "11:06:04 PDT"]
[Termination "GMRafpig won by resignation"]

1. d4 Nf6 2. Nf3 e6 3. Bg5 c5 4. e3 h6 5. Bh4 Be7 6. Nbd2 Nc6 7.
c3 b6 8. Bd3 Bb7 9. Qe2 O-O 10.
a3 cxd4 11. exd4 Nd5 12. Bg3 d6 13. O-O Nf6 14. Rfe1 Nh5 15. Ba6 Nxg3 16. hxg3 Bxa6 17. Qxa6 Qc7 18. Rad1 d5 19. Nf1 Rab8 20. Qe2 b5 21. Ne3 a5 22. Ng4 Bd6 23. Qe3 Qe7 24. Nfe5 Nxe5 25.
Nxe5 Bxe5 26. Qxe5 b4 27. axb4 axb4 28. Qxd5 bxc3 29. bxc3 Qa3 30. Qf3 Rfc8 31. Rd3 Rb3 32. Ree3 Rb1+ 33. Rd1 Rxd1+ 34. Qxd1 Rxc3 35. Rxc3 Qxc3 36. d5 exd5 37. Qxd5 Qe1+ 38. Kh2 Qxf2 39. Qd8+ Kh7 40. Qd3+ g6 41. Qf3 Qxf3 42. gxf3 h5 43. g4 hxg4 44. fxg4 Kh6 45. Kg3 Kg5 46. Kh3 Kf4 47. Kh4 g5+ 0-1

[Event "*** Titled Tuesday Blitz"]
[Site "Chess.com"]
[Date "2021.03.16"]
[Round "6"]
[White "rpragchess"]
[Black "Dyadya81"]
[Result "1-0"]
[WhiteElo "2916"]
[BlackElo "2742"]
[TimeControl "180+1"]
[EndTime "11:06:05 PDT"]
[Termination "rpragchess won on time"]

1. c4 e5 2. Nc3 Bb4 3. Nd5 Na6 4.
Nf3 e4 5. Nd4 Nf6 6. Qc2 O-O 7.
e3 Re8 8. b3 c6 9. Nxb4 Nxb4 10. Qc3 c5 11. Nc2 a5 12. a3 Nc6 13. Bb2 d6 14. Be2 Ne5 15. f4 exf3 16. gxf3 b5 17.
d4 b4 18. Qd2 cxd4 19. Nxd4 Bb7 20. Rg1 Nh5 21. O-O-O bxa3 22. Bxa3 Nf6 23. Nf5 g6 24. Nxd6 Re7 25. f4 Nc6 26. Bf3 1-0

[Event "*** Titled Tuesday Blitz"]
[Site "Chess.com"]
[Date "2021.03.16"]
[Round "6"]
[White "IAgrest"]
[Black "HackingKid98"]
[Result "0-1"]
[WhiteElo "2296"]
[BlackElo "2453"]
[TimeControl "180+1"]
[EndTime "11:06:05 PDT"]
[Termination "HackingKid98 won by resignation"]

1. e4 Nf6 2. e5 Ng8 3. d4 d6 4. Nf3 Bg4 5. Be2 dxe5 6. dxe5 Qxd1+ 7. Bxd1 e6 8. O-O Nd7 9. Re1 Ne7 10. Nc3 c6 11. Bf4 Ng6 12. Bg3 h5 13. h3 Bxf3 14.
Bxf3 h4 15. Bh2 Bb4 16. Rad1 O-O-O 17. Rd3 Nc5 18. Rdd1 Ne7 19. a3 Bxc3 20. bxc3 Rxd1 21. Rxd1 Rd8 22. Rxd8+ Kxd8 23. Bf4 Ng6 24. Bg5+ Ke8 25. Be2 Nxe5 26. Bxh4 Ne4 27. c4 Nd2 28. f4 Nexc4 29. Be1 b5 30. Bd3 f5 31. g4 Ne4 32. Kf1 Nxa3 33.
Ke2 Nc4 34. g5 Kf7 35. h4 Kg6 36. Kd1 a5 37. Be2 a4 38. h5+ Kf7 39. Kc1 Nb6 40.
Kb2 Nd5 41. h6 gxh6 42. gxh6 Kg6 0-1

[Event "*** Titled Tuesday Blitz"]
[Site "Chess.com"]
[Date "2021.03.16"]
[Round "6"]
[White "esrosenberg"]
[Black "Hangar-18"]
[Result "1-0"]
[WhiteElo "2222"]
[BlackElo "2335"]
[TimeControl "180+1"]
[EndTime "11:06:05 PDT"]
[Termination "esrosenberg won on time"]

1. Nf3 g6 2. e4 Bg7 3. Bc4 d6 4. h3 a6 5. a3 b5 6. Ba2 e6 7. d3 Bb7 8. Nc3 c5 9. Be3 Nc6 10. O-O Nge7 11. Re1 O-O 12. Qd2 Nd4 13. Nh2 Rc8 14.
Nd1 a5 15. c3 Ndc6 16. Bh6 b4 17. axb4 axb4 18. Ng4 Ne5 19. Bxg7 Nxg4 20. Bxf8 Qxf8 21.
hxg4 bxc3 22. bxc3 Nc6 23. f4 Qg7 24. Nf2 Rb8 25.
Nh3 Ne7 26. Rab1 Qf8 27. f5 exf5 28. gxf5 Nc6 29. Ng5 Ne5 30. d4 cxd4 31. cxd4 Ng4 32. Bxf7+ Kh8 33. Qf4 1-0

[Event "*** Titled Tuesday Blitz"]
[Site "Chess.com"]
[Date "2021.03.16"]
[Round "6"]
[White "northridgehawk"]
[Black "DonBroca"]
[Result "1/2-1/2"]
[WhiteElo "2343"]
[BlackElo "2208"]
[TimeControl "180+1"]
[EndTime "11:06:06 PDT"]
[Termination "Game drawn - insufficient material"]

1. e4 c5 2. Nf3 d6 3. d4 cxd4 4. Nxd4 Nf6 5. Nc3 g6 6. Be2 Bg7 7. O-O Nc6 8. Nb3 O-O 9. Be3 Bd7 10. f4 Rc8 11. Kh1 a6 12. a4 Qc7 13. Bf3 Na5 14.
Nxa5 Qxa5 15. Qd2 Bg4 16. Bd4 Bxf3 17. Rxf3 Rc4 18. Rd3 Rfc8 19. Re1 b5 20. axb5 axb5 21. h3 b4 22. Nd5 Nxd5 23. Bxg7 Rxc2 24. Rxd5 Rxd2 25.
Rxa5 Kxg7 26. Rb5 Rxb2 27. Rb7 Kf8 28. e5 d5 29. e6 f5 30. Rd1 Rc5 31. Ra1 Rc8 32.
Raa7 Re8 33. Rd7 Rd2 34. Rab7 Rd4 35. Kh2 Kg7 36. Rxe7+ Rxe7 37. Rxe7+ Kf6 38. Rxh7 Kxe6 39. Rb7 Kd6 40. Rb6+ Kc5 41. Rxg6 b3 42. Rg8 Rb4 43. Rc8+ Kd4 44. Rc1 b2 45. Rb1 Ke4 46. Kg3 Rb3+ 47. Kh4 Kxf4 48. g4 fxg4 49. hxg4 d4 50. g5 d3 51. g6 d2 52. g7 Rb8 53. Rxb2 Rg8 54. Rxd2 Rxg7 55. Rf2+ Ke3 56. Rf6 Re7 57. Kg5 Re4 58. Kf5 Rf4+ 59. Ke5 Rxf6 60. Kxf6 1/2-1/2

[Event "*** Titled Tuesday Blitz"]
[Site "Chess.com"]
[Date "2021.03.16"]
[Round "6"]
[White "enriquetejedor"]
[Black "ChessWarrior7197"]
[Result "0-1"]
[WhiteElo "2544"]
[BlackElo "2895"]
[TimeControl "180+1"]
[EndTime "11:06:09 PDT"]
[Termination "ChessWarrior7197 won on time"]

1. b3 Nf6 2. Bb2 g6 3. Bxf6 exf6 4.
c4 Bg7 5. Nc3 O-O 6. g3 f5 7.
Bg2 d6 8. e3 Nc6 9. Nge2 Re8 10.
d4 h5 11. h4 f4 12. O-O fxe3 13. fxe3 Rxe3 14. Qd2 Qe8 15. Rf2 Bg4 16. Raf1 f5 17.
Nf4 Rxg3 18. Nb5 Qf7 19. Kh2 Rxg2+ 20. Rxg2 a6 21. Nc3 Nxd4 22. Ncd5 Re8 23. Ne3 Nf3+ 24. Rxf3 Bxf3 25. Rxg6 Re4 26. Ned5 Kh7 27. Rg5 Bg4 28. Ng6 Re2+ 29. Qxe2 Bxe2 30. Ndf4 Be5 31. Kg1 Bg4 32. Nd5 Qxg6 33. Rxg6 Kxg6 34. Nxc7 f4 35. Nd5 f3 36. Kf2 Bd4+ 37. Kg3 f2 38. Kg2 Bh3+ 39. Kxh3 f1=Q+ 40. Kg3 Be5+ 0-1

[Event "*** Titled Tuesday Blitz"]
[Site "Chess.com"]
[Date "2021.03.16"]
[Round "6"]
[White "Matthew-Fishbein"]
[Black "profofchess"]
[Result "1-0"]
[WhiteElo "2308"]
[BlackElo "2427"]
[TimeControl "180+1"]
[EndTime "11:06:10 PDT"]
[Termination "Matthew-Fishbein won by checkmate"]

1. c4 e5 2. Nc3 Nc6 3. g3 Bc5 4. Bg2 a6 5. e3 d6 6. Nge2 Ba7 7. O-O h5 8. d4 h4 9. dxe5 Nxe5 10. Nf4 Bg4 11.
Qa4+ c6 12. f3 Bd7 13. g4 h3 14. Nxh3 Nf6 15. Nf2 Be6 16. b3 b5 17. cxb5 axb5 18. Qf4 Ng6 19. Qg3 d5 20. h3 b4 21. Ne2 Nh4 22. Nd4 Nxg2 23. Kxg2 Bd7 24. Bb2 Bb8 25. f4 O-O 26. Rac1 Qe7 27. Nf5 Bxf5 28. gxf5 Re8 29.
Rce1 Ba7 30. Kh2 Bb6 31. Rg1 Nh5 32. Qg4 g6 33. fxg6 Ra3 34. gxf7+ Kxf7 35. Qg6+ Kf8 36.
Qg8# 1-0

[Event "*** Titled Tuesday Blitz"]
[Site "Chess.com"]
[Date "2021.03.16"]
[Round "6"]
[White "Chesseyat004"]
[Black "VladimirBugayev"]
[Result "1/2-1/2"]
[WhiteElo "2461"]
[BlackElo "2267"]
[TimeControl "180+1"]
[EndTime "11:06:10 PDT"]
[Termination "Game drawn by repetition"]

1. e4 c6 2. d3 d5 3. Nf3 Bg4 4. h3 Bh5 5. Nbd2 e6 6. g4 Bg6 7. Ne5 Nd7 8. Nxg6 hxg6 9. Bg2 Bd6 10. O-O g5 11. exd5 cxd5 12. c4 Ne7 13. Nf3 Bf4 14.
Nxg5 Bxc1 15. Qxc1 dxc4 16. dxc4 Qb6 17. Qe3 Rc8 18.
Qxb6 Nxb6 19. b3 Rc7 20. Rad1 Nc6 21. f4 Ke7 22. f5 e5 23. f6+ gxf6 24. Ne4 Nd7 25.
Nd6 Nd4 26. Nxb7 Ne2+ 27. Kh2 Nf4 28. Na5 Nc5 29. b4 Ncd3 30. Nc6+ Rxc6 31. Bxc6 Rxh3+ 32. Kg1 Rg3+ 33. Kh2 Rh3+ 34. Kg1 Rg3+ 35. Kh2 Rh3+ 1/2-1/2

[Event "*** Titled Tuesday Blitz"]
[Site "Chess.com"]
[Date "2021.03.16"]
[Round "6"]
[White "SilviusTiberius"]
[Black "KyrgyzFighter"]
[Result "0-1"]
[WhiteElo "2532"]
[BlackElo "2437"]
[TimeControl "180+1"]
[EndTime "11:06:11 PDT"]
[Termination "KyrgyzFighter won by resignation"]

1. e4 e6 2. d4 d5 3. Nc3 Nc6 4. Nf3 Nf6 5. e5 Ne4 6. Bd3 Bb4 7. Bd2 Bxc3 8. bxc3 b6 9. O-O Bb7 10. Be1 Qd7 11.
c4 O-O 12. Qe2 Ne7 13. Nh4 h6 14. f3 Ng5 15. Bd2 dxc4 16. Bxc4 Qxd4+ 17. Be3 Qxh4 18. a4 Nf5 19. Bf2 Qh5 20. Ra3 Rad8 21. a5 Nd4 22. Bxd4 Rxd4 23. axb6 axb6 24. Ra7 Nxf3+ 25. gxf3 Qg5+ 26.
Qg2 Qe3+ 27. Qf2 Qxe5 28. Rxb7 Rxc4 29. Kh1 Rd8 30. Ra7 Rc3 31. Qg2 Qf4 32. Raa1 Rd2 33.
Ra8+ Kh7 34. Rf8 Rxg2 0-1

[Event "*** Titled Tuesday Blitz"]
[Site "Chess.com"]
[Date "2021.03.16"]
[Round "6"]
[White "Grieve72"]
[Black "Kobalia"]
[Result "0-1"]
[WhiteElo "2506"]
[BlackElo "2736"]
[TimeControl "180+1"]
[EndTime "11:06:12 PDT"]
[Termination "Kobalia won by resignation"]

1. d4 Nf6 2. Bg5 d5 3. Bxf6 exf6 4. e3 f5 5. g3 Be6 6. Bg2 Nd7 7. Ne2 Nf6 8. Nd2 Bd6 9. Nf4 Qd7 10. c4 Bxf4 11.
gxf4 dxc4 12. Rc1 Bd5 13. O-O b5 14. b3 cxb3 15. Nxb3 O-O 16. Nc5 Qd6 17. Bxd5 Nxd5 18.
Qd3 Qg6+ 19. Kh1 a6 20. Nd7 Rfd8 21. Ne5 Qe6 22. Rc5 f6 23. Nc6 Rd6 24. Rfc1 Re8 25. Kg1 Kh8 26. a3 Rg8 27. Kh1 g5 28. fxg5 Rxg5 29.
Nb4 Nxb4 30. axb4 Rd7 31. Rg1 Rdg7 32. Rcc1 Qd5+ 33. e4 fxe4 34. Qe3 c6 35. h4 Rg4 36. Rxg4 Rxg4 37. Rg1 Rxh4+ 38. Kg2 Rg4+ 39. Kf1 Qc4+ 0-1

[Event "*** Titled Tuesday Blitz"]
[Site "Chess.com"]
[Date "2021.03.16"]
[Round "6"]
[White "PawnEatingZombie"]
[Black "frequentblunders"]
[Result "0-1"]
[WhiteElo "2182"]
[BlackElo "2083"]
[TimeControl "180+1"]
[EndTime "11:06:12 PDT"]
[Termination "frequentblunders won on time"]

1. d4 e6 2. c4 c5 3. d5 Nf6 4.
Nc3 g6 5. e4 exd5 6. cxd5 d6 7.
Bd3 Bg7 8. h3 O-O 9. Nf3 Re8 10.
O-O b5 11. Bxb5 Nbd7 12. Re1 Rb8 13. Bf1 Qa5 14. Bd2 Rxb2 15. Nb5 Qb6 16. a4 Nxe4 17. Rb1 f5 18. Rxb2 Bxb2 19. Ng5 Ndf6 20. Nxe4 fxe4 21. Bf4 Be5 22. Qd2 a6 23. Na3 Bb7 24. Nc4 Qb4 25. Qxb4 cxb4 26. Bxe5 dxe5 27. d6 Bd5 28. Na5 Rd8 29.
Bxa6 Rxd6 30. Bb5 b3 31. Rb1 Kf7 32. Nxb3 Bxb3 33. Rxb3 Rd1+ 34. Bf1 Ke6 35. Ra3 Nd5 36. g3 Kd6 37. Kg2 Kc5 38. a5 Kb4 0-1

[Event "*** Titled Tuesday Blitz"]
[Site "Chess.com"]
[Date "2021.03.16"]
[Round "6"]
[White "Zhigalko_Sergei"]
[Black "Alexander_Moskalenko"]
[Result "1/2-1/2"]
[WhiteElo "2939"]
[BlackElo "2781"]
[TimeControl "180+1"]
[EndTime "11:06:13 PDT"]
[Termination "Game drawn by repetition"]

1. e4 e5 2. Nf3 Nc6 3. Bc4 Bc5 4. b4 Bxb4 5. c3 Ba5 6. d4 Bb6 7. O-O Nge7 8. Ng5 d5 9. exd5 Na5 10. d6 Nxc4 11. dxe7 Qd6 12. Qe2 Be6 13. Nxe6 Qxe6 14.
Na3 Nd6 15. dxe5 Nf5 16. Nc4 Nxe7 17. Ba3 O-O 18. Kh1 Rfd8 19. Bxe7 Qxe7 20. f4 Qd7 21. f5 Qd3 22. Qg4 h5 23. Qh4 Qe2 24. Rae1 Qg4 25.
Qxg4 hxg4 26. Re4 Rd3 27. Rxg4 Rxc3 28. h4 Rd8 29. f6 Rd4 30. Rxg7+ Kf8 31. Rh7 Kg8 32.
Rg7+ Kf8 33. Rh7 Kg8 34. Rg7+ 1/2-1/2

[Event "*** Titled Tuesday Blitz"]
[Site "Chess.com"]
[Date "2021.03.16"]
[Round "6"]
[White "Playgood28"]
[Black "GM_LOADING"]
[Result "0-1"]
[WhiteElo "2280"]
[BlackElo "2557"]
[TimeControl "180+1"]
[EndTime "11:06:13 PDT"]
[Termination "GM_LOADING won by resignation"]

1. d4 Nf6 2. c4 e6 3. Nc3 Bb4 4. Qc2 Nc6 5. e3 e5 6. a3 Bxc3+ 7. bxc3 O-O 8. Nf3 d6 9. Be2 Bg4 10. a4 b6 11. h3 Bh5 12. O-O Re8 13. Rd1 Qe7 14.
c5 bxc5 15. dxc5 d5 16. Ba3 a6 17. Rab1 e4 18. Nd4 Bxe2 19. Nxc6 Qd7 20. Qxe2 Qxc6 21. Qc2 Red8 22. c4 h6 23. cxd5 Rxd5 24. Rxd5 Qxd5 25. c6 Re8 26. Rb7 Qd8 27. Bb4 Re6 28. Ba5 Ne8 29.
Qb3 Kh7 30. Rb8 Qd6 31. Qc4 Nf6 32. Rb7 Qxc6 33. Rxc7 Qd6 34. Rc8 Qd1+ 35. Kh2 Qh5 36. Kg1 Qxa5 0-1

[Event "*** Titled Tuesday Blitz"]
[Site "Chess.com"]
[Date "2021.03.16"]
[Round "6"]
[White "slavenok"]
[Black "Genghis_K"]
[Result "1-0"]
[WhiteElo "2745"]
[BlackElo "2878"]
[TimeControl "180+1"]
[EndTime "11:06:16 PDT"]
[Termination "slavenok won by checkmate"]

1. e4 c5 2. d4 cxd4 3. Nf3 Nf6 4.
e5 Nd5 5. Bc4 Nb6 6. Bb3 Nc6 7.
O-O d5 8. Nxd4 Nxe5 9. Re1 Nc6 10. Nc3 e6 11. Bf4 Bd6 12. Bxd6 Qxd6 13. Nf5 Qf4 14. Nxg7+ Kf8 15. Nh5 Qg5 16. Ng3 Bd7 17. Qd3 h5 18.
Rf1 h4 19. f4 Qg4 20. Nge2 Rg8 21. Rf2 Ne7 22. Raf1 Rc8 23. Nd4 Nc4 24. Bxc4 Rxc4 25.
h3 Qg3 26. Qd2 Qxh3 27. f5 e5 28. f6 Rxd4 29. fxe7+ Ke8 30. Qe2 Qe6 31. Nb5 Bxb5 32. Qxb5+ Qd7 33. Qe2 Rdg4 34. Qxe5 Qxe7 35. Qb8+ Kd7 36.
Qxb7+ Kd6 37. Rf6+ Qxf6 38. Rxf6+ Ke5 39. Qe7+ Kd4 40.
Rf2 h3 41. Qb4+ Ke5 42. Qc3+ d4 43. Qxh3 Re4 44. Rf1 Rgg4 45. Qh5+ Ke6 46. Qxf7+ Kd6 47.
Qf6+ Kc5 48. Qf8+ Kd5 49. Qd8+ Kc5 50. Rf5+ Kc4 51. Qc7+ Kb4 52. Qc5+ Ka4 53. b3# 1-0